 Dungeon Crawl Stone Soup version 0.30-a0-134-gb40fab5c76 (webtiles) character file.

Game seed: 12885697617732607247

39 nono the Trooper (level 3, -4/24 HPs)
             Began as a Kobold Fighter on Sept 19, 2022.
             Was an Initiate of the Shining One.
             Succumbed to a scorpion's poison
             ... on level 4 of the Dungeon.
             The game lasted 00:03:52 (2028 turns).

nono the Trooper (Kobold Fighter)                   Turns: 2028, Time: 00:03:52

Health: -4/24      AC:  6    Str: 15    XL:     3   Next: 70%
Magic:  3/3        EV: 10    Int:  9    God:    the Shining One [......]
Gold:   106        SH:  5    Dex: 14    Spells: 2/2 levels left

rFire   . . .      SeeInvis .    a - +0 flail
rCold   . . .      Faith    .    c - +0 buckler
rNeg    . . .      Spirit   .    b - +0 scale mail
rPois   .          Reflect  .    (no helmet)
rElec   .          Harm     .    (no cloak)
rCorr   .          Rampage  .    (no gloves)
Will    .....                    (no boots)
Stlth   +.........               (no amulet)
HPRegen 0.08/turn                (no ring)
MPRegen 0.08/turn                (no ring)

@: mighty, lethally poisoned (-4 -> -20), glowing
A: small, no large weapons, nightstalker 3
a: Renounce Religion


You were on level 4 of the Dungeon.
You worshipped the Shining One.
The Shining One was noncommittal.
You visited 2 branches of the dungeon, and saw 4 of its levels.

You collected 106 gold pieces.

Inventory:

Hand Weapons
 a - a +0 flail (weapon)
Armour
 b - a +0 scale mail (worn)
 c - a +0 buckler (worn)
Jewellery
 i - a ring of resist corrosion
Scrolls
 e - 2 scrolls of vulnerability {unknown}
 g - a scroll of noise {unknown}
 h - a scroll of immolation {unknown}
 j - a scroll of identify {unknown}
 l - a scroll of blinking {unknown}
 n - a scroll of amnesia {unknown}
Potions
 f - 2 potions of mutation {unknown}
 k - a potion of resistance {unknown}
 m - a potion of haste {unknown}
 o - a potion of magic {unknown}


   Skills:
 * Level 3.7 Fighting
 * Level 2.2 Maces & Flails
 - Level 2.6 Armour
 * Level 0.7 Dodging
 + Level 0.9 Stealth
 - Level 2.6 Shields


You had 2 spell levels left.
You didn't know any spells.
Your spell library contained the following spells:

 Spells                   Type           Power      Damage    Failure   Level
 Ignite Poison            Fire/Tmut/Pois 0%         N/A       100%        3
 Sticky Flame             Conj/Fire      0%         2d3       100%        4


Dungeon Overview and Level Annotations

Branches:
Dungeon (4/15)             Temple (1/1) D:4

Altars:
Dithmenos
Fedhas
Gozag
Nemelex Xobeh
Qazlal
Ru
Sif Muna
Trog
Vehumet
Wu Jian
Yredelemnul
The Shining One


Innate Abilities, Weirdness & Mutations

You are small and have problems with some larger weapons.
You are completely attuned to the shadows.


Message History

Found a blossoming altar of Fedhas.
Found a stormy altar of Qazlal.
Done exploring.
Done exploring.
There is a staircase back to the Dungeon here.
There is a glowing golden altar of the Shining One here.
You kneel at the altar of the Shining One.
The Shining One welcomes you!
There is a staircase back to the Dungeon here.
You climb upwards.
Welcome back to the Dungeon!
There is a staircase to the Ecumenical Temple here.
o - a fuming inky potion You open the door.
A scorpion comes into view.
You feel very mighty all of a sudden. The scorpion completely misses you.
You barely miss the scorpion. You block the scorpion's attack.
The scorpion stings you.
You are poisoned.
The scorpion poisons you!
You bludgeon the scorpion!!
The scorpion is almost dead.
You feel very sick.
The scorpion stings you but does no damage.
You barely miss the scorpion.
The scorpion is almost dead.
You feel very sick. The scorpion stings you.
You are lethally poisoned!
The scorpion poisons you! The scorpion barely misses you.
You closely miss the scorpion.
The scorpion is almost dead.
* * * LOW HITPOINT WARNING * * *
You feel very sick. The scorpion stings you.
* * * LOW HITPOINT WARNING * * *
You block the scorpion's attack.
You thump the scorpion!
You kill the scorpion!
You die...

#....... #.......
#....#.# #...#.#.
....... #..#.#.#
..... #...#.>. ...
#..#.#.#
####'#########...#.#.
....@.............#.#
.....................
...................+.
...................#.
#######............#
#............#


There were no monsters in sight!

Vanquished Creatures
  A scorpion (D:4)
  4 bats
  2 endoplasms
  9 giant cockroaches
  A hobgoblin (D:2)
  2 jackals (D:1)
  4 kobolds
  A quokka (D:2)
  3 ball pythons
  A frilled lizard (D:1)
  4 goblins
  3 rats (D:1)
35 creatures vanquished.

Notes
Turn   | Place    | Note
-------+----------+-------------------------------------------
     0 | D:1      | nono the Kobold Fighter began the quest for the Orb.
     0 | D:1      | Reached XP level 1. HP: 14/14 MP: 1/1
   296 | D:1      | Reached XP level 2. HP: 11/19 MP: 2/2
  1034 | D:1      | Reached XP level 3. HP: 8/23 MP: 3/3
  1733 | D:2      | Found a faded altar of an unknown god.
  1946 | D:2      | You fall into a shaft and drop 2 floors!
  1949 | D:4      | Found a staircase to the Ecumenical Temple.
  1955 | Temple   | Entered the Ecumenical Temple
  1993 | Temple   | Became a worshipper of the Shining One
  2022 | D:4      | Noticed a scorpion
  2027 | D:4      | HP: 1/24 [scorpion (5)]
  2028 | D:4      | Killed a scorpion
  2028 | D:4      | Succumbed to a scorpion's poison

Illustrated notes

Levels and vault maps discovered:
D:1:      co_arrival_square_in_a_square_in_a_square, layout_basic,
          minmay_worlds_worst_comb
D:2:      minmay_chambers_of_ones, layout_loops_corners,
          dreamdust_ecumenical_altar_statues
D:4:      layout_gridville, lemuel_crystal_altar, minmay_temple_entry_grid,
          corexii_item_surrounded_by_moat
Temple:   hellmonk_temple_two_chambers

Skill      XL: |  1  2 |
---------------+-------+-----
Maces & Flails | 2 |  2.2
Fighting       | |  3.7
Armour         | |  2.6
Dodging        | |  0.7
Stealth        | |  0.9
Shields        | |  2.6

Action                   || total
-------------------------++-------
Melee: Flail             ||   108
  Use: Potion            ||     1
Armor: Scale mail        ||    57
Dodge: Dodged            ||    60
Block: Buckler           ||    39

Table legend: (Time is in decaauts)
 A = Elapsed time spent in this place.
 B = Non-inter-level travel time spent in this place.
 C = Inter-level travel time spent in this place.
 D = Time resting spent in this place.
 E = Time spent auto-exploring this place.
 F = Levels seen in this place.
 G = Mean time per level.
                   A        B        C        D        E       F      G
               +--------+--------+--------+--------+--------+-----+--------+
         Total |   2065 |   1942 |    123 |      0 |   1623 |   4 |  516.2 |
       Dungeon |   2018 |   1922 |     96 |      0 |   1608 |   3 |  672.7 |
        Temple |     47 |     20 |     27 |      0 |     15 |   1 |   47.0 |
               +--------+--------+--------+--------+--------+-----+--------+

Top non-repeatable levels by time:
     D:1: 1518 daAuts
     D:2: 464 daAuts
  Temple: 47 daAuts
     D:4: 35 daAuts
